 Dungeon Crawl Stone Soup version 0.22-a0-113-gdd6f4a9 (webtiles) character file.

6498 Gildeon the Carver (level 10, -13/88 HPs)
             Began as a Demigod Fighter on Jan 27, 2018.
             Mangled by a komodo dragon (18 damage)
             ... on level 1 of the Lair of Beasts on Jan 28, 2018.
             The game lasted 00:36:21 (7635 turns).

Gildeon the Carver (Demigod Fighter)                Turns: 7635, Time: 00:36:22

Health: -13/88     AC: 14    Str: 21    XL:     10   Next: 41%
Magic:  13/13      EV:  3    Int: 12    God:
Gold:   537        SH:  9    Dex: 17    Spells: 9/9 levels left

rFire    + . .     SeeInvis .   a - +2 falchion (flame)
rCold    . . .     Gourm    .   c - +0 shield
rNeg     . . .     Faith    .   k - +0 plate armour
rPois    .         Spirit   .   e - +2 helmet
rElec    .         Reflect  .   g - scarf {repulsion}
rCorr    .         Harm     .   (no gloves)
MR       +....                  (no boots)
Stlth    ..........             r - amulet of regeneration
HPRegen  0.64/turn              h - ring of protection from fire
MPRegen  0.13/turn              d - ring of loudness (curse)

@: repel missiles
A: clumsy 1, high mp 1, robust 1
a: no special abilities


You were on level 1 of the Lair of Beasts.
You were not hungry.

You visited 2 branches of the dungeon, and saw 9 of its levels.

You collected 537 gold pieces.

Inventory:

Hand Weapons
 a - a +2 falchion of flaming (weapon)
Armour
 c - a +0 shield (worn)
 e - a +2 helmet (worn)
 g - a scarf of repulsion (worn)
 k - a +0 plate armour (worn)
 o - a +1 chain mail
Jewellery
 d - a cursed ring of loudness (right hand)
 h - a ring of protection from fire (left hand)
 r - an amulet of regeneration (around neck)
 u - an uncursed ring of magical power
Wands
 q - a wand of paralysis (9)
 v - a wand of digging (10)
Scrolls
 m - 4 scrolls of teleportation
 p - a scroll of fear
Potions
 b - a potion of haste
 i - a potion of flight
 j - a potion of agility
 l - a potion of heal wounds
 s - a potion of invisibility
 t - a potion of magic {unknown}
Comestibles
 f - 5 rations


   Skills:
 + Level 4.5 Fighting
 - Level 14.0 Long Blades
 - Level 2.6 Armour
 - Level 2.6 Shields


You had 9 spell levels left.
You didn't know any spells.

Dungeon Overview and Level Annotations

Branches:
Dungeon (8/15)             Temple (0/1) D:6            Lair (1/6) D:8

Shops:
D:6 *


Innate Abilities, Weirdness & Mutations

You have an increased reservoir of magic. (+10% MP)
You are clumsy. (Dex -2)
You are robust. (+10% HP)


Message History

Your plate armour prevents you from hitting the komodo dragon.
The komodo dragon is moderately wounded.
The komodo dragon bites you!
You slash the komodo dragon! You burn the komodo dragon.
The komodo dragon is severely wounded.
You hit the komodo dragon. You burn the komodo dragon.
The komodo dragon is severely wounded.
The komodo dragon bites you!!
* * * LOW HITPOINT WARNING * * *
You hit the komodo dragon. You burn the komodo dragon.
The komodo dragon is almost dead.
The komodo dragon hisses menacingly.
The komodo dragon bites you!
* * * LOW HITPOINT WARNING * * *
You hit the komodo dragon but do no damage.
The komodo dragon is almost dead.
Your shield and plate armour prevent you from hitting the komodo dragon.
The komodo dragon is almost dead.
The komodo dragon bites you!!
You die...

?.F..Y. .......
....... ....... ####
....... ####.P####
.......
#......#.#####.......
##.#.........@l.......
#..≈≈≈≈...#####.......
##.≈≈≈≈≈..## .......
#P.≈≈≈≈≈≈..# .......
##.†≈≈≈≈≈≈.# .......
#...≈≈≈≈≈≈.# .?.....
#..<.≈≈≈≈≈.. ....t..
#.....≈≈≈≈≈..# .......
#..#..≈≈≈≈≈≈≈..


You could see a komodo dragon.

Vanquished Creatures
  A two-headed ogre (D:8)
  The ghost of Armakuni the Sinner, a novice TrIE of Elyvilon (D:8)
  The ghost of anet the Magician, a novice DEWz (D:5)
  Prince Ribbit (D:7)
  Grinder (D:5)
  Sigmund (D:3)
  3 yaks (Lair:1)
  4 water moccasins
  2 orc warriors
  4 phantoms
  A sky beast (D:6)
  2 ice beasts
  An eye of draining (D:7)
  2 necrophages
  2 ogres
  4 centaurs
  2 crocodiles (Lair:1)
  5 bullfrogs
  4 scorpions
  An electric eel (Lair:1)
  3 wights (D:8)
  5 crimson imps
  A bullfrog zombie (D:5)
  4 hounds
  2 jellies
  3 orc priests
  2 centaur skeletons (D:8)
  A bullfrog skeleton (D:5)
  Terence (D:3)
  4 worker ants
  2 iguanas (D:4)
  7 orc wizards
  3 hound zombies
  A hound skeleton (D:6)
  Robin (D:2)
  2 worker ant zombies
  4 gnolls (D:3)
  9 adders
  3 oozes
  An adder skeleton (D:4)
  2 worms
  A dart slug (D:2)
  6 leopard geckos
  39 orcs
  4 ball pythons
  A giant cockroach (D:3)
  12 goblins
  8 hobgoblins
  6 jackals
  3 quokkas
  6 bats
  3 frilled lizards
  5 kobolds (D:1)
  A leopard gecko zombie (D:6)
  A quokka skeleton (D:6)
  15 rats
215 creatures vanquished.

Notes
Turn   | Place    | Note
-------+----------+-------------------------------------------
     0 | D:1      | Gildeon the Demigod Fighter began the quest for the Orb.
     0 | D:1      | Reached XP level 1. HP: 18/18 MP: 3/3
    80 | D:1      | Reached skill level 2 in Long Blades
   242 | D:1      | Reached XP level 2. HP: 24/25 MP: 4/4
   317 | D:1      | Reached skill level 3 in Long Blades
   956 | D:2      | Reached XP level 3. HP: 30/30 MP: 5/5
  1025 | D:2      | Noticed Robin
  1055 | D:2      | Killed Robin
  1235 | D:2      | Reached skill level 4 in Long Blades
  1319 | D:2      | Found a sacrificial altar of Ru.
  1320 | D:2      | Found a sparkling altar of Nemelex Xobeh.
  1425 | D:2      | Found a deep blue altar of Sif Muna.
  1500 | D:2      | Found a stormy altar of Qazlal.
  1679 | D:3      | Noticed Sigmund
  1688 | D:3      | Killed Sigmund
  1688 | D:3      | Reached skill level 5 in Long Blades
  1688 | D:3      | Reached XP level 4. HP: 37/37 MP: 6/6
  1688 | D:3      | Reached XP level 5. HP: 42/42 MP: 7/7
  1814 | D:3      | Noticed Terence
  1828 | D:3      | Killed Terence
  1858 | D:3      | Reached skill level 6 in Long Blades
  2141 | D:3      | Reached XP level 6. HP: 43/50 MP: 8/8
  2446 | D:4      | Reached skill level 7 in Long Blades
  2649 | D:4      | Reached XP level 7. HP: 50/56 MP: 9/9
  2728 | D:4      | Found a sparkling altar of Nemelex Xobeh.
  2771 | D:4      | Reached skill level 8 in Long Blades
  2838 | D:4      | Found a white marble altar of Elyvilon.
  3303 | D:5      | Entered Level 5 of the Dungeon
  3303 | D:5      | Noticed anet's ghost (novice DEWz)
  3314 | D:5      | Killed anet's ghost
  3319 | D:5      | Reached skill level 9 in Long Blades
  3537 | D:5      | Noticed Grinder
  3554 | D:5      | Reached XP level 8. HP: 46/62 MP: 10/10
  3599 | D:5      | Killed Grinder
  3599 | D:5      | Reached skill level 10 in Long Blades
  3820 | D:5      | Got an uncursed warped flail {venom}
  3821 | D:5      | Identified the +9 flail of the Shrike {venom, rC- Str+5} (You took it off a centaur on level 5 of the Dungeon)
  3846 | D:5      | Found an ancient bone altar of Kikubaaqudgha.
  4002 | D:5      | Found a stormy altar of Qazlal.
  4372 | D:6      | Found Zin's Purification Station.
  4374 | D:6      | Found a glowing silver altar of Zin.
  4612 | D:6      | Reached skill level 11 in Long Blades
  4643 | D:6      | Found a staircase to the Ecumenical Temple.
  4745 | D:6      | Noticed a moth of wrath
  4748 | D:6      | Found a bloodstained altar of Trog.
  4849 | D:6      | Upgraded the game from 0.22-a0-110-g5b255cf to 0.22-a0-113-gdd6f4a9
  4868 | D:6      | Gained mutation: You are clumsy. (Dex -2) [potion of mutation]
  4868 | D:6      | Gained mutation: You are robust. (+10% HP) [potion of mutation]
  4885 | D:6      | Found a burning altar of Makhleb.
  5102 | D:6      | Reached XP level 9. HP: 63/74 MP: 11/11
  5401 | D:7      | Noticed Prince Ribbit
  5427 | D:7      | Killed Prince Ribbit
  5591 | D:7      | Found a shattered altar of Ashenzari.
  5600 | D:7      | Reached skill level 12 in Long Blades
  6374 | D:8      | Noticed a two-headed ogre
  6385 | D:8      | Killed a two-headed ogre
  6385 | D:8      | Reached skill level 13 in Long Blades
  6540 | D:8      | Reached XP level 10. HP: 81/81 MP: 13/13
  6724 | D:8      | Found a staircase to the Lair.
  6867 | D:8      | Noticed Armakuni's ghost (novice TrIE)
  6896 | D:8      | Killed Armakuni's ghost
  7396 | Lair:1   | Entered Level 1 of the Lair of Beasts
  7429 | Lair:1   | Reached skill level 14 in Long Blades
  7633 | Lair:1   | HP: 4/88 [komodo dragon (7)]
  7635 | Lair:1   | Mangled by a komodo dragon

Vault maps used:
D:1:      dpeg_arrival_connections
D:2:      old_standard_altar, gammafunk_temple_overflow_statue, first_ration,
          lemuel_blue_sif_altar, uniq_robin
D:3:      minmay_misc_feat_enclosed, uniq_sigmund, uniq_terence
D:4:      elyvilon_altar_5, nemelex_dance_club_becter
D:5:      kiku_gazebo_pond_becter, basic_altar, uniq_grinder
D:6:      wad_pebble_path, zin_purify, tgw_trog, makhleb_blood_cavern_becter,
          temple_statues
D:7:      evilmike_ruin_ashenzari, uniq_prince_ribbit1
D:8:      lair_entry_dummy
Lair:1:   beast_lair_carwin_large_3, minivault_19, infiniplex_staircase_pool

Skill      XL: |  1  2  3  4  5  6  7  8  9 10 |
---------------+-------------------------------+-----
Long Blades    | 2 3 5 6 7 9 11 13 14 | 14.0
Fighting       | 4 |  4.5
Armour         | |  2.6
Shields        | |  2.6

Action                   |  1- 3 |  4- 6 |  7- 9 | 10-12 || total
-------------------------+-------+-------+-------+-------++-------
Melee: Long sword        |   127 |   107 |    31 |       ||   265
       Falchion          |       |       |   521 |   218 ||   739
Evoke: Wand              |     2 |    21 |    30 |     5 ||    58
  Use: Scroll            |     5 |     2 |    12 |     2 ||    21
       Potion            |     2 |     1 |     3 |     3 ||     9
 Stab: Paralysed         |       |       |    25 |       ||    25
  Eat: Chunk             |     3 |     1 |     3 |       ||     7
       Ration            |       |     1 |     3 |     1 ||     5
Armor: Scale mail        |    52 |    17 |       |       ||    69
       Chain mail        |       |    27 |   249 |    17 ||   293
       Plate armour      |       |       |       |    51 ||    51
Dodge: Dodged            |    37 |    32 |    92 |    17 ||   178
       Deflected         |       |       |     7 |       ||     7
Block: Shield            |    83 |    48 |   256 |    58 ||   445
       Rpst.: Long sword |    11 |    11 |     3 |       ||    25
       Falchion          |       |       |    21 |     3 ||    24

Table legend:
 A = Spawn XP
 B = Non-spawn XP
 C = Spawn XP percentage of total XP
 D = Spawn monster count
 E = Non-spawn monster count
 F = Spawn count percentage of total count
 G = Total turns spent on level
                    A         B        C        D         E        F      G
               +---------+---------+-------+---------+---------+-------+---------
         Total |       0 |    9284 |   0.0 |       0 |     214 |   0.0 |  7635
               +---------+---------+-------+---------+---------+-------+---------
           D:1 |       0 |      45 |   0.0 |       0 |      21 |   0.0 |   924
           D:2 |       0 |      66 |   0.0 |       0 |      26 |   0.0 |   697
           D:3 |       0 |     397 |   0.0 |       0 |      25 |   0.0 |   719
           D:4 |       0 |     725 |   0.0 |       0 |      24 |   0.0 |   963
           D:5 |       0 |    1230 |   0.0 |       0 |      20 |   0.0 |   815
           D:6 |       0 |     922 |   0.0 |       0 |      31 |   0.0 |  1283
           D:7 |       0 |    1584 |   0.0 |       0 |      22 |   0.0 |   743
           D:8 |       0 |    2975 |   0.0 |       0 |      35 |   0.0 |  1252
        Lair:1 |       0 |    1340 |   0.0 |       0 |      10 |   0.0 |   239
               +---------+---------+-------+---------+---------+-------+---------
